 Dungeon Sprint DCSS version 0.20-a0-1117-g62da73f (webtiles) character file.

32199 potatolord6000 the Warrior (level 13, -6/140 HPs)
             Began as a Minotaur Fighter on May 8, 2017.
             Was an Initiate of Gozag.
             Mangled by an entropy weaver (10 damage)
             ... in the Dungeon (Sprint IX: "|||||||||||||||||||||||||||||") on May 9, 2017.
             The game lasted 00:26:11 (3184 turns).

potatolord6000 the Warrior (Minotaur Fighter)       Turns: 3184, Time: 00:26:13

Health: -6/140     AC: -33   Str: 33    XL:     13   Next: 30%
Magic:  12/12      EV: 24    Int:  5    God:    Gozag
Gold:   78         SH: 24    Dex: 16    Spells: 12/12 levels left

rFire    + . .     SeeInvis .   h - +5 spear
rCold    + . .     Gourm    .   d - +5 shield {AC+3}
rNeg     + . .     Faith    .   b - +7 pearl dragon scales "Uleodiel" {rN+ Str+3}
rPois    +         Spirit   .   (helmet restricted)
rElec    +         Reflect  +   g - +2 cloak {MR+}
rCorr    +         Harm     .   o - +1 pair of gloves
MR       ++...     NoTele   +   y - +1 pair of boots
Stlth    +.........             w - amulet of Hard Scrabble {Reflect MR+ SH+2}
Regen    0.4/turn               q - +4 ring of evasion
MPRegen  0.2/turn               x - +5 ring of evasion

@: mighty, agile, resistant, corroded, gold aura, flying (expiring), very
slightly contaminated, hasted and slowed, invisible
A: retaliatory headbutt, horns 2
a: Potion Petition, Call Merchant, Bribe Branch, Renounce Religion


You were in the Dungeon.
You worshipped Gozag.
Gozag was noncommittal.
You were very full.

You visited 1 branch You collected 11004 gold pieces.
You spent 2305 gold pieces at shops.
You paid 8621 gold pieces to Gozag.

Inventory:

Hand Weapons
 h - a +5 spear (weapon)
Armour
 b - the +7 pearl dragon scales "Uleodiel" (worn) {rN+ Str+3}
   (You found it in the Dungeon)

   It affects your strength (+3).
   It protects you from negative energy.
 d - a +5 shield of protection (worn)
 g - a +2 cloak of magic resistance (worn)
 o - a +1 pair of gloves (worn)
 y - a +1 pair of boots (worn)
Jewellery
 q - a +4 ring of evasion (left hand)
 w - the amulet of Hard Scrabble (around neck) {Reflect MR+ SH+2}
   (You bought it in a shop in the Dungeon)

   [amulet of reflection]

   It shields you and reflects attacks.
   It affects your resistance to hostile enchantments.
   It affects your SH (+2).
 x - a +5 ring of evasion (right hand)
Wands
 n - a wand of lightning (7/15)
Scrolls
 k - 2 scrolls of blinking
 l - 3 scrolls of remove curse
 m - 2 scrolls of amnesia
 s - 2 scrolls of fog
 t - a scroll of recharging
 u - 2 scrolls of fear
Potions
 a - a potion of ambrosia
 e - 4 potions of curing
 i - 4 potions of magic
 r - a potion of haste
Comestibles
 c - 40 fruits
 f - 13 bread rations
 j - 9 meat rations


   Skills:
 + Level 20.3 Fighting
   Level 4.1(14.0) Axes
 + Level 19.8(19.9) Polearms
 + Level 20.2 Armour
 + Level 20.2 Shields


You had 12 spell levels left.
You didn't know any spells.

Dungeon Overview and Level Annotations

Branches:
Dungeon (1/1)

Altars:
Cheibriados
Dithmenos
Elyvilon
Fedhas
Gozag
Hepliaklqana
Kikubaaqudgha
Makhleb
Nemelex Xobeh
Okawaru
Qazlal
Ru
Sif Muna
Trog
Uskayaw
Vehumet
Wu Jian
Xom
Yredelemnul
Zin
The Shining One
Beogh
Jiyva
Lugonu

Shops:
D ==([}(=(*?


Innate Abilities, Weirdness & Mutations

You reflexively headbutt those who attack you in melee.
You have a pair of horns on your head.


Message History

The entropy weaver hits you!
* * * LOW HITPOINT WARNING * * *
The entropy weaver casts a spell.
You hit the entropy weaver but do no damage.
Your headbutt misses the entropy weaver.
The entropy weaver is heavily wounded.
You are starting to lose your buoyancy.
The hornet buzzes angrily.
You completely miss the entropy weaver.
The entropy weaver is heavily wounded.
The entropy weaver casts a spell.
You closely miss the entropy weaver.
You headbutt the entropy weaver, but do no damage.
The entropy weaver is heavily wounded.
The hornet buzzes angrily.
You block the entropy weaver's attack. x2; The entropy weaver hits you!
* * * LOW HITPOINT WARNING * * *
The entropy weaver hits you!
You die...
Your body crumbles into a pile of gold.

♣♣♣♣♣▓▓▓▓▓▓▓▓▓▓▓▓▓▓▓▓▓▓▓
...).').).)....$@aassay.
♣♣♣♣♣▓▓▓▓▓▓▓▓▓▓▓▓▓▓▓▓▓▓▓▓▓▓▓▓▓▓▓▓
.)...............................
▓▓▓▓▓▓▓▓▓▓▓▓▓▓▓▓▓▓▓▓▓▓▓▓▓▓▓▓▓▓▓▓▓
))).=[[.[[[[.!........()).......(
▓▓▓▓▓▓▓▓▓▓▓▓▓▓▓▓▓▓▓▓▓▓▓▓▓▓▓▓▓▓▓▓▓
....(..).....(...................
▓▓▓▓▓▓▓▓▓▓▓▓▓▓▓▓▓▓▓▓▓▓▓▓▓▓▓▓▓▓▓▓▓
)))))..)))..))))))).))))))∩.∩.∩.∩


You could see 3 entropy weavers, a wolf spider, an orb spider and a hornet
(wandering).

Vanquished Creatures
  Rupert (D)
  A very ugly thing (D)
  An entropy weaver (D)
  2 merfolk impalers (D)
  Snorg (D)
  An ettin (D)
  2 hydras (D)
  A centaur warrior (D)
  2 catoblepae (D)
  An alligator (D)
  A death knight (D)
  4 death yaks (D)
  A merfolk aquamancer (D)
  2 tengu warriors (D)
  A vampire mage (D)
  A deep troll earth mage (D)
  A skeletal warrior (D)
  2 sea snakes (D)
  9 orc sorcerers (D)
  A deep elf mage (D)
  An ugly thing (D)
  An orc knight (D)
  A cyclops (D)
  A manticore (D)
  Joseph (D)
  Psyche (D)
  4 spiny frogs (D)
  A gargoyle (D)
  A demonic crawler (D)
  A komodo dragon (D)
  A jumping spider (D)
  A merfolk (D)
  A meliai (shapeshifter) (D)
  A slime creature (D)
  A snapping turtle (D)
  2 hippogriffs (D)
  A bog body (D)
  A tyrant leech (D)
  A wraith (D)
  3 yaks (D)
  A water elemental (D)
  A basilisk (D)
  A steam dragon (D)
  2 insubstantial wisps (D)
  5 water moccasins (D)
  2 porcupines (D)
  A swamp drake (D)
  An ice beast (D)
  8 orc warriors (D)
  A sky beast (D)
  An ogre (D)
  A necrophage (D)
  A wolf (D)
  A boggart (D)
  2 bullfrogs (D)
  A howler monkey (D)
  A crimson imp (D)
  2 orc priests (D)
  12 orc wizards (D)
  A hound (D)
  An adder (D)
  A gnoll (D)
  A worm (D)
  A dart slug (D)
  2 leopard geckos (D)
  5 orcs (D)
  A giant cockroach (D)
  A hobgoblin (D)
  2 jackals (D)
  A frilled lizard (D)
  A quokka simulacrum (D)
  A quokka skeleton (D)
126 creatures vanquished.

Notes
Turn   | Place    | Note
-------+----------+-------------------------------------------
     0 | D        | potatolord6000 the Minotaur Fighter began the quest for the Orb.
     0 | D        | Reached XP level 1. HP: 19/19 MP: 0/0
   175 | D        | Reached XP level 2. HP: 28/28 MP: 1/1
   186 | D        | Reached skill level 5 in Armour
   187 | D        | Reached skill level 5 in Fighting
   193 | D        | Found a roughly hewn altar of Beogh.
   193 | D        | Found a snail-covered altar of Cheibriados.
   193 | D        | Found a shadowy altar of Dithmenos.
   193 | D        | Found a white marble altar of Elyvilon.
   193 | D        | Found a blossoming altar of Fedhas.
   193 | D        | Found an opulent altar of Gozag.
   194 | D        | Found a hazy altar of Hepliaklqana.
   195 | D        | Found a viscous altar of Jiyva.
   196 | D        | Found an ancient bone altar of Kikubaaqudgha.
   197 | D        | Found a corrupted altar of Lugonu.
   198 | D        | Found a burning altar of Makhleb.
   199 | D        | Found a sparkling altar of Nemelex Xobeh.
   223 | D        | Found an iron altar of Okawaru.
   224 | D        | Became a worshipper of Gozag Ym Sagoz the Greedy
   225 | D        | Found a stormy altar of Qazlal.
   226 | D        | Found a sacrificial altar of Ru.
   227 | D        | Found a deep blue altar of Sif Muna.
   228 | D        | Found a bloodstained altar of Trog.
   229 | D        | Found a hide-covered altar of Uskayaw.
   230 | D        | Found a radiant altar of Vehumet.
   231 | D        | Found an ornate altar of the Wu Jian Council.
   232 | D        | Found a shimmering altar of Xom.
   233 | D        | Found a basalt altar of Yredelemnul.
   234 | D        | Found a glowing silver altar of Zin.
   235 | D        | Found a glowing golden altar of the Shining One.
   279 | D        | Noticed a howler monkey
   279 | D        | Noticed an ogre
   279 | D        | Noticed a necrophage
   279 | D        | Noticed a sky beast
   283 | D        | Killed a howler monkey
   283 | D        | Reached skill level 5 in Shields
   283 | D        | Reached XP level 3. HP: 34/37 MP: 2/2
   288 | D        | Killed an ogre
   288 | D        | Reached XP level 4. HP: 44/47 MP: 3/3
   288 | D        | Reached XP level 5. HP: 49/52 MP: 4/4
   291 | D        | Killed a necrophage
   295 | D        | Killed a sky beast
   295 | D        | Reached XP level 6. HP: 49/62 MP: 5/5
   307 | D        | Noticed an ice beast
   307 | D        | Noticed a steam dragon
   307 | D        | Noticed a gargoyle
   307 | D        | Noticed a tengu warrior
   309 | D        | Killed an ice beast
   314 | D        | Killed a steam dragon
   314 | D        | Reached XP level 7. HP: 60/71 MP: 6/6
   325 | D        | Killed a gargoyle
   325 | D        | Reached skill level 10 in Fighting
   325 | D        | Reached skill level 10 in Armour
   325 | D        | Reached skill level 10 in Shields
   332 | D        | Killed a tengu warrior
   332 | D        | Reached skill level 10 in Polearms
   332 | D        | Reached XP level 8. HP: 64/83 MP: 7/7
   481 | D        | Noticed a five-headed hydra
   481 | D        | Noticed a hippogriff
   481 | D        | Noticed a komodo dragon
   489 | D        | Killed a five-headed hydra
   489 | D        | Reached XP level 9. HP: 67/92 MP: 8/8
   508 | D        | Killed a komodo dragon
   559 | D        | Bought the ring "Vitwuph" {rPois EV+2 SInv} for 381 gold pieces
   571 | D        | Noticed a catoblepas
   583 | D        | Noticed a spiny frog
   584 | D        | Noticed a spiny frog
   588 | D        | Noticed a spiny frog
   608 | D        | Killed a catoblepas
   608 | D        | Reached XP level 10. HP: 67/103 MP: 9/9
   642 | D        | Killed a spiny frog
   651 | D        | Killed a spiny frog
   657 | D        | Killed a spiny frog
   681 | D        | Noticed a death yak
   681 | D        | Noticed a death yak
   681 | D        | Noticed a death yak
   683 | D        | Noticed a catoblepas
   692 | D        | Noticed a death yak
   716 | D        | Killed a death yak
   716 | D        | Reached skill level 15 in Fighting
   716 | D        | Reached skill level 15 in Armour
   716 | D        | Reached skill level 15 in Shields
   745 | D        | Killed a death yak
   772 | D        | Killed a death yak
   788 | D        | Killed a catoblepas
   788 | D        | Reached skill level 15 in Polearms
   788 | D        | Reached XP level 11. HP: 61/114 MP: 10/10
   796 | D        | Killed a death yak
   941 | D        | Noticed an orc knight
   955 | D        | Noticed an ettin
   963 | D        | Killed an orc knight
   996 | D        | Killed an ettin
  1230 | D        | Noticed an orc sorcerer
  1264 | D        | Noticed an orc sorcerer
  1274 | D        | Killed an orc sorcerer
  1303 | D        | Killed an orc sorcerer
  1373 | D        | Found Dikazeno's Antique Weapon Emporium.
  1373 | D        | Noticed an orc sorcerer
  1373 | D        | Noticed an orc sorcerer
  1373 | D        | Noticed an orc sorcerer
  1374 | D        | Noticed an orc sorcerer
  1380 | D        | Noticed a soul eater
  1387 | D        | Killed an orc sorcerer
  1388 | D        | Paralysed by an orc sorcerer for 5 turns
  1392 | D        | Noticed an orc sorcerer
  1395 | D        | Killed an orc sorcerer
  1396 | D        | Found Caqak's Armour Shoppe.
  1404 | D        | Killed an orc sorcerer
  1419 | D        | Noticed a soul eater
  1419 | D        | Killed an orc sorcerer
  1425 | D        | Found Jumiav's Gadget Emporium.
  1430 | D        | Killed an orc sorcerer
  1433 | D        | Found Qier Exi's Weapon Shoppe.
  1443 | D        | Noticed an orc sorcerer
  1444 | D        | Noticed an orc sorcerer
  1464 | D        | Killed an orc sorcerer
  1468 | D        | Killed an orc sorcerer
  1515 | D        | Bought a +2 cloak of magic resistance for 258 gold pieces
  1572 | D        | Upgraded the game from 0.20-a0-1116-gaa52201 to 0.20-a0-1117-g62da73f
  1725 | D        | Bought a +4 ring of evasion for 540 gold pieces
  1725 | D        | Bought the amulet of Hard Scrabble {Reflect MR+ SH+2} for 301 gold pieces
  1725 | D        | Bought a +5 ring of evasion for 825 gold pieces
  1751 | D        | Noticed Joseph
  1768 | D        | Killed Joseph
  1777 | D        | Noticed Psyche
  1785 | D        | Killed Psyche
  1845 | D        | Got the +7 pearl dragon scales "Uleodiel" {rN+ Str+3}
  1913 | D        | Noticed a death knight
  1913 | D        | Noticed a skeletal warrior
  1913 | D        | Noticed a deep elf mage
  1923 | D        | Noticed a tengu warrior
  1927 | D        | Noticed a vampire mage
  1928 | D        | Killed a death knight
  1928 | D        | Reached XP level 12. HP: 64/127 MP: 11/11
  1969 | D        | Noticed a deep troll earth mage
  1994 | D        | Killed a tengu warrior
  2006 | D        | Killed a vampire mage
  2032 | D        | Killed a deep troll earth mage
  2059 | D        | Noticed a green very ugly thing
  2061 | D        | Noticed a centaur warrior
  2091 | D        | Killed a green very ugly thing
  2097 | D        | Killed a centaur warrior
  2351 | D        | Noticed Rupert
  2396 | D        | Killed Rupert
  2632 | D        | Noticed Snorg
  2645 | D        | Killed Snorg
  2673 | D        | Noticed a six-headed hydra
  2673 | D        | Noticed an alligator
  2690 | D        | Killed a six-headed hydra
  2708 | D        | Killed an alligator
  2728 | D        | Reached XP level 13. HP: 136/138 MP: 12/12
  2763 | D        | Noticed a merfolk impaler
  2778 | D        | Noticed a merfolk impaler
  2812 | D        | Killed a merfolk impaler
  2836 | D        | Killed a merfolk impaler
  3068 | D        | Noticed an entropy weaver
  3068 | D        | Noticed an entropy weaver
  3068 | D        | Noticed an entropy weaver
  3083 | D        | Noticed an entropy weaver
  3158 | D        | Killed an entropy weaver
  3184 | D        | HP: 4/140 [entropy weaver (8)]
  3184 | D        | Mangled by an entropy weaver

Vault maps used:
D:        linesprint

Skill      XL: |  1  2  3  4  5  6  7  8  9 10 11 12 13 |
---------------+----------------------------------------+-----
Armour         | 4 5 7 8 9 11 12 14 15 17 19 20 | 20.2
Shields        | 4 5 7 8 9 11 12 14 15 17 19 20 | 20.2
Fighting       | 4 5 7 8 9 11 12 14 15 17 19 20 | 20.3
Axes           | 3 4 |  4.1
Polearms       | 2 4 6 8 10 11 13 15 17 19 | 19.8

Action                   |  1- 3 |  4- 6 |  7- 9 | 10-12 | 13-15 || total
-------------------------+-------+-------+-------+-------+-------++-------
Melee: War axe           |    36 |       |       |       |       ||    36
       Headbutt          |     6 |     3 |    23 |   166 |    55 ||   253
       Spear             |     8 |    17 |   105 |   618 |   182 ||   930
Invok: Call Merchant     |       |       |     1 |     5 |       ||     6
       Potion Petition   |       |       |       |     2 |     4 ||     6
  Use: Potion            |     2 |       |     5 |     9 |     1 ||    17
       Scroll            |       |       |     3 |     6 |       ||     9
 Stab: Petrified         |       |       |       |    18 |       ||    18
       Petrifying        |       |       |       |     4 |       ||     4
       Invisible         |       |       |       |    12 |       ||    12
       Distracted        |       |       |       |     1 |     2 ||     3
  Eat: Meat ration       |       |       |       |     2 |     1 ||     3
Armor: Scale mail        |     8 |       |       |       |       ||     8
       Ring mail         |     1 |     2 |     6 |    31 |       ||    40
       Pearl dragon scal |       |       |       |    21 |    16 ||    37
Dodge: Dodged            |    10 |     3 |     8 |    73 |    50 ||   144
Block: Shield            |    21 |     2 |    25 |   212 |   147 ||   407
       Reflection        |       |       |       |     2 |       ||     2
